 Dungeon Crawl Stone Soup version 0.21.0-3-g78d12a8 (console) character file.

54 hilaritas the Sneak (level 3, 0/22 HPs)
             Began as a Felid Venom Mage on Jan 14, 2018.
             Was an Initiate of Makhleb.
             Slain by a kobold
             ... wielding a +0 whip
              (1 damage)
             ... on level 3 of the Dungeon.
             The game lasted 00:05:44 (2140 turns).

hilaritas the Sneak (Felid Venom Mage)              Turns: 2140, Time: 00:05:45

Health: 0/22       AC: 21    Str:  4    XL:     3   Next: 66%
Magic:  0/7        EV:  4    Int: 17    God:    Makhleb [......]
Gold:   99         SH:  0    Dex: 16    Spells: 0/6 levels left
                                        Lives:  0   Deaths: 0

rFire    . . .     SeeInvis +     - Unarmed
rCold    . . .     Gourm    .   (shield unavailable)
rNeg     + + +     Faith    .   (armour unavailable)
rPois    +         Spirit   .   (helmet unavailable)
rElec    .         Reflect  .   (cloak unavailable)
rCorr    .         Harm     .   (gloves unavailable)
MR       .....     NoTele   +   (boots unavailable)
Stlth    +++.......             (no amulet)
HPRegen  0.07/turn              (no ring)
MPRegen  0.10/turn              (no ring)

@: tree-form
A: very small, no armour, no weapons or thrown items, stealth, see invisible,
carnivore, slow metabolism 1
a: Renounce Religion


You were on level 3 of the Dungeon.
You worshipped Makhleb.
Makhleb was noncommittal.
You were completely stuffed.
You were a tree.
You visited 1 branch of the dungeon, and saw 3 of its levels.

You collected 99 gold pieces.

Inventory:

Jewellery
 g - an uncursed amulet of faith
Scrolls
 c - 3 scrolls of identify
 h - a scroll of teleportation
Potions
 e - a potion of curing
 f - a potion of might
Books
 a - a Young Poisoner's Handbook

   Spells                             Type                      Level
   a - Sting                          Conjuration/Poison           1
   b - Poisonous Vapours              Poison/Air                   2
   c - Mephitic Cloud                 Conjuration/Poison/Air       3
   d - Olgreb's Toxic Radiance        Poison                       4
   e - Venom Bolt                     Conjuration/Poison           5
Comestibles
 b - 4 rations
 i - a chunk of flesh


   Skills:
 * Level 1.4 Fighting
 - Level 2.6 Dodging
 + Level 3.5 Stealth
 * Level 1.4 Unarmed Combat
 - Level 2.0 Spellcasting
 * Level 1.7 Conjurations
 - Level 2.6 Poison Magic
 * Level 0.2 Invocations


You couldn't memorise any spells.
You knew the following spells:

 Your Spells              Type           Power        Failure   Level  Hunger
a - Sting                 Conj/Pois      #...         8%          1    #......
b - Poisonous Vapours     Pois/Air       #.....       17%         2    ###....
c - Mephitic Cloud        Conj/Pois/Air  #.......     30%         3    ###....


Dungeon Overview and Level Annotations

Branches:
Dungeon (3/15)

Altars:
Cheibriados
Fedhas
Hepliaklqana
Makhleb
Nemelex Xobeh
Wu Jian
Yredelemnul


Innate Abilities, Weirdness & Mutations

You cannot wear armour.
You are incapable of wielding weapons or throwing items.
Your paws allow you to move quietly. (Stealth)
((You have sharp claws.))
((You have razor-sharp teeth.))
You have supernaturally acute eyesight. (SInv)
You are carnivorous and can eat meat at any time.
((You cover ground quickly.))
((You are covered in fur. (AC +1)))
You have a slow metabolism.
((Your sharp claws are effective at attacking unaware monsters.))


Message History

The kobold hits you with a whip.
You barely miss the adder. You bite the adder, but do no damage.
The adder is heavily wounded.
The adder bites you. The kobold hits you but does no damage.
You barely miss the adder.
The adder is heavily wounded.
The adder bites you.
* * * LOW HITPOINT WARNING * * *
The adder bites you.
* * * LOW HITPOINT WARNING * * *
The kobold misses you.
You turn into a tree.
Your roots penetrate the ground.
The adder bites you but does no damage. The kobold hits you but does no damage.
You barely miss the adder.
The adder is heavily wounded.
The adder barely misses you.
You hit the adder.
The adder is almost dead.
The adder looks more healthy.
The kobold hits you with a whip.
You die...

#### ...
##..# ....
.## #..
....#..###
#.†....##
#(...##
##....#
##.♣K#
##.S..#
##..)#
....#
......
.##.###. .
.. # ..
#.#


You could see an adder and a kobold.

Vanquished Creatures
  Jessica (D:2)
  3 bats
  3 giant cockroaches
  A goblin (D:2)
  5 hobgoblins
  A quokka (D:2)
  2 frilled lizards
  5 kobolds
  7 rats
28 creatures vanquished.

Notes
Turn   | Place    | Note
-------+----------+-------------------------------------------
     0 | D:1      | hilaritas the Felid Venom Mage began the quest for the Orb.
     0 | D:1      | Reached XP level 1. HP: 7/7 MP: 4/4
   165 | D:1      | Reached skill level 1 in Conjurations
   350 | D:1      | Reached skill level 3 in Stealth
   500 | D:1      | Reached XP level 2. HP: 12/12 MP: 3/6
   838 | D:2      | Learned a level 2 spell: Poisonous Vapours
  1173 | D:2      | Reached skill level 1 in Fighting
  1220 | D:2      | Noticed Jessica
  1231 | D:2      | Killed Jessica
  1231 | D:2      | Reached skill level 1 in Unarmed Combat
  1231 | D:2      | Reached XP level 3. HP: 9/15 MP: 5/7
  1509 | D:2      | Learned a level 3 spell: Mephitic Cloud
  1529 | D:2      | Found an ornate altar of the Wu Jian Council.
  1990 | D:2      | Found a snail-covered altar of Cheibriados.
  2015 | D:2      | Found a basalt altar of Yredelemnul.
  2015 | D:2      | Found a burning altar of Makhleb.
  2015 | D:2      | Found a blossoming altar of Fedhas.
  2016 | D:2      | Found a hazy altar of Hepliaklqana.
  2018 | D:2      | Found a sparkling altar of Nemelex Xobeh.
  2037 | D:2      | Became a worshipper of Makhleb the Destroyer
  2137 | D:3      | HP: 1/15 [adder (2)]
  2140 | D:3      | Slain by a kobold

Skill      XL: |  1  2 |
---------------+-------+-----
Conjurations   | 1 |  1.7
Stealth        | 3 |  3.5
Fighting       | 1 |  1.4
Unarmed Combat | 1 |  1.4
Dodging        | |  2.6
Spellcasting   | |  2.0
Poison Magic   | |  2.6
Invocations    | |  0.2

Action                   || total
-------------------------++-------
Melee: Unarmed           ||    36
       Bite              ||     5
 Cast: Sting             ||    47
       Poisonous Vapours ||     4
  Use: Scroll            ||     6
       Potion            ||     1
  Eat: Chunk             ||    10
Armor: Skin              ||     4
Dodge: Dodged            ||    48
